AoeStats
← JIJINz

Pilgrims

508423245Analyzed
4v4 RM · 11d ago on Sep 22, 2026· 38m 17s· 8 players
Game mode
Random Map
Map size
Large (8 player)
Population
200
Speed
Normal
Resources
Standard
Victory
Conquest
Starting age
Dark Age
Ending age
Imperial Age
RankedLock teamsTeams togetherTeam positionsShared explorationLock speedFull tech treeHidden civsTurbo modeCheats
Victory
Defeat
🇨🇳 Celts · China
1584
+12
🇨🇳 Italians · China
1541
+14
🇨🇳 Vikings · China
1507
+15
🇨🇳 Persians · China
1500
+15
🇯🇵 Persians · Japan
1549
-16
🇧🇪 Japanese · Belgium
1541
-16
🇳🇱 Wu · Netherlands
1448
-12
🇨🇳 Dravidians · China
1443
-12
hoot
6:48 Loom
13:56 Feudal Age
14:23 Fishing Lines
14:30 Double-Bit Axe
17:34 Castle Age
16:57 Gold Mining
18:20 Medium Warships
18:01 Gillnets
18:22 Bow Saw
19:54 Clinker Construction
19:58 Careening
19:55 Stone Mining
21:28 Wheelbarrow
20:59 Horse Collar
25:42 Imperial Age
24:37 Heavy Plow
26:41 Hand Cart
27:27 Fletching
28:06 Ballistics
28:46 Chemistry
28:33 Bodkin Arrow
29:20 Padded Archer Armor
29:28 Town Watch
30:26 Parthian Tactics
30:46 Conscription
30:41 Thumb Ring
30:56 Leather Archer Armor
30:59 Bloodlines
30:49 Husbandry
31:31 Cavalier
33:01 Ring Archer Armor
32:36 Scale Barding Armor
32:42 Forging
35:14 Chain Barding Armor
34:15 Light Cavalry
35:43 Elite Skirmisher
36:26 Heavy Cavalry Archer
betterlh
5:05 Loom
11:17 Feudal Age
15:32 Castle Age
13:44 Fishing Lines
17:33 Double-Bit Axe
23:58 Gillnets
28:40 Imperial Age
28:03 Bow Saw
27:43 Gold Mining
27:45 Stone Mining
27:46 Fletching
27:57 Padded Archer Armor
27:37 Horse Collar
30:54 Elite Skirmisher
32:59 Bodkin Arrow
33:20 Leather Archer Armor
33:36 Conscription
35:44 Wheelbarrow
36:10 Two-Man Saw
35:47 Stone Shaft Mining
35:18 Bracer
37:56 Chemistry
37:17 Ballistics
37:39 Silk Road
37:48 Silk Road
blurr
4:18 Loom
10:19 Feudal Age
11:31 Double-Bit Axe
13:32 Fletching
17:08 Castle Age
18:12 Medium Warships
17:59 Bodkin Arrow
21:21 Ballistics
21:00 Town Watch
23:30 Fishing Lines
25:38 Horse Collar
26:39 Gold Mining
26:47 Gillnets
26:49 Stone Mining
28:49 Gold Shaft Mining
30:58 Imperial Age
28:23 Gambesons
28:28 Man-at-Arms
29:10 Scale Mail Armor
29:21 Forging
29:14 Squires
28:59 Arson
29:11 Long Swordsman
29:59 Scale Barding Armor
30:09 Chain Mail Armor
30:35 Forging
32:29 Plate Mail Armor
31:20 Two-Handed Swordsman
31:56 Arson
32:57 Bracer
33:34 Iron Casting
32:20 Champion
33:42 Gold Shaft Mining
34:51 Conscription
36:54 Blast Furnace
37:28 Bow Saw
38:11 Chieftains
38:23 Heavy Plow
yyx
8:51 Loom
11:04 Feudal Age
11:55 Double-Bit Axe
12:31 Town Watch
16:20 Castle Age
14:44 Horse Collar
16:07 Forging
17:22 Bow Saw
19:23 Husbandry
19:31 Scale Barding Armor
18:58 Light Cavalry
26:51 Pikeman
34:49 Wheelbarrow
37:06 Hand Cart
Whop
9:43 Loom
11:50 Feudal Age
12:38 Double-Bit Axe
13:05 Fishing Lines
14:58 Fletching
18:28 Castle Age
16:45 Town Watch
16:57 Gold Mining
19:33 Horse Collar
19:49 Bodkin Arrow
26:05 Pikeman
34:34 Imperial Age
32:18 Masonry
33:55 Guard Tower
35:05 Scale Mail Armor
37:25 Chemistry
36:24 Capped Ram
pac.Padawan NL
8:21 Loom
10:33 Feudal Age
15:38 Castle Age
15:32 Town Watch
20:16 Fletching
25:11 Bodkin Arrow
27:34 Double-Bit Axe
JIJINz
9:32 Loom
11:40 Feudal Age
15:48 Castle Age
14:20 Double-Bit Axe
16:37 Medium Warships
16:08 Fishing Lines
16:41 Bow Saw
16:03 Pikeman
16:43 Squires
21:56 Wheelbarrow
21:06 Town Watch
21:54 Scale Barding Armor
29:30 Devotion
33:07 Imperial Age
31:30 Gold Mining
31:30 Stone Mining
32:19 Husbandry
32:29 Bloodlines
33:49 Chain Barding Armor
33:40 Cavalier
35:18 Plate Barding Armor
35:56 Forging
37:30 Iron Casting
Kaiser Ze
4:59 Loom
13:05 Feudal Age
14:01 Double-Bit Axe
18:14 Castle Age
16:47 Fletching
25:46 Atonement
33:15 Horse Collar
36:52 Wheelbarrow
40:01 Imperial Age
37:43 Thumb Ring
37:59 Bodkin Arrow
38:50 Padded Archer Armor
Connection lost

Rejoining the realm…

Still unreachable

The connection could not be restored.

Session expired

The server has moved on; the page needs a fresh start.